 Dungeon Crawl Stone Soup version 0.19-b1-3-g7dea586 (webtiles) character file.

147 Kullungy the Skirmisher (level 5, -7/42 HPs)
             Began as a Demonspawn Abyssal Knight on Oct 28, 2016.
             Was a Believer of Lugonu.
             Killed by divine providence
             ... invoked by an orc priest
              (15 damage)
             ... on level 3 of the Dungeon.
             The game lasted 00:20:37 (2190 turns).

Kullungy the Skirmisher (Demonspawn Abyssal Knight) Turns: 2190, Time: 00:20:37

Health: -7/42      AC: 15    Str: 13    XL:     5   Next: 8%
Magic:  6/6        EV: 10    Int: 13    God:    Lugonu [**....]
Gold:   136        SH:  0    Dex: 13    Spells: 0 memorised, 4 levels left

rFire  + . .     SeeInvis .     a - +2 falchion
rCold  . . .     Gourm    .     J - +0 swamp dragon scales
rNeg   . . .     Faith    .     (no shield)
rPois  +         Spirit   .     (no helmet)
rElec  .         Reflect  .     (no cloak)
rCorr  .         Harm     .     m - +0 pair of gloves
MR     .....                    (no boots)
Stlth  ++........               (no amulet)
                                (no ring)
                                F - ring of protection from fire

@: sanguine armour
A: nightstalker 1, rot immunity, sanguine armour 1
a: Depart the Abyss, Bend Space, Renounce Religion


You were on level 3 of the Dungeon.
You worshipped Lugonu.
Lugonu was pleased with you.
You were not hungry.

You visited 1 branch of the dungeon, and saw 3 of its levels.
You visited the Abyss 1 time.

You collected 136 gold pieces.

Inventory:

Hand Weapons
 a - a +2 falchion (weapon)
 g - a +2 dagger of venom
 j - a +0 dagger
 k - a +0 dagger
 l - a +0 club
 n - a +0 club
 p - a +0 short sword
 r - a +0 whip
 u - a +0 club
 w - a +0 club
 x - a +0 club
 y - a +0 spear
 I - a +0 mace
 K - a +0 short sword
Missiles
 e - 90 stones (quivered)
 h - 15 arrows
 i - 40 bolts
 E - 12 sling bullets
Armour
 b - a +0 leather armour
 d - a +0 leather armour
 m - a +0 pair of gloves (worn)
 s - a +0 chain mail
 A - a +0 ring mail
 J - +0 swamp dragon scales (worn)
Jewellery
 F - a ring of protection from fire (left hand)
Wands
 G - a wand of digging (13/24)
Scrolls
 o - 2 scrolls of amnesia
Potions
 f - a potion of degeneration
 v - a potion of lignification
 z - a potion of curing
 C - a potion of agility
 H - a potion of resistance {unknown}
Comestibles
 c - 4 bread rations
 q - 2 meat rations
 D - 7 chunks of flesh


   Skills:
 + Level 3.9 Fighting
 + Level 3.3 Long Blades
 + Level 2.8 Armour
 + Level 1.1 Dodging
 + Level 0.2 Stealth
 + Level 2.6 Invocations


You had 4 spell levels left.
You didn't know any spells.

Dungeon Overview and Level Annotations

Branches:
Dungeon (3/15)

Altars:
Ashenzari
Hepliaklqana


Innate Abilities, Weirdness & Mutations

You are slightly more attuned to the shadows.
You are immune to rotting.
When seriously injured, your bleeding wounds create armour. (AC +6)


Message History

The orc closely misses you.
Your swamp dragon scales prevents you from hitting the orc priest.
The orc priest is heavily wounded.
The orc priest mumbles some strange prayers to Beogh against you.
Beogh smites you!
* * * LOW HITPOINT WARNING * * *
The orc closely misses you.
You riposte.
You hit the orc.
The orc is almost dead.
The orc priest hits you but does no damage.
You closely miss the orc.
The orc is almost dead.
The orc hits you with a whip.
* * * LOW HITPOINT WARNING * * *
The orc priest hits you but does no damage.
You hit the orc.
You kill the orc!
Lugonu accepts your kill.
The orc priest calls down the wrath of Beogh upon you.
Beogh smites you!
You die...

........# ##...## #...#
###.###.# ##.## ###.# #
#.###.######.....## ####.####
#.........#.......## #.......#
#......##..........####....##..
##.................'...........
#.....##..........####....##..
####.#...##.#..))...# #....##..
............##.[@..# #..####..
########.######o..## #..# #..
##.## ##'## #..####.. #####...#
#.# #........ #.......# #.#
##.####.. #.###...# ##.## #.#
#.# ##### ##...########.# #.#
#.............# #.#
##...#.########


You could see an orc priest.

Vanquished Creatures
  Natasha (twice) (D:3)
  3 adders
  An ooze (D:2)
  2 worms
  A dart slug (D:2)
  5 leopard geckos
  3 orcs (D:3)
  3 giant cockroaches
  5 goblins
  4 hobgoblins
  6 jackals (D:2)
  6 kobolds
  A ball python (D:1)
  2 bats
  2 frilled lizards
  5 rats
51 creatures vanquished.

Notes
Turn   | Place    | Note
-------+----------+-------------------------------------------
     0 | Abyss:1  | Kullungy the Demonspawn Abyssal Knight began the quest for the Orb.
     0 | Abyss:1  | Reached XP level 1. HP: 18/18 MP: 2/2
    87 | Abyss:1  | Noticed a smoke demon
    90 | D:1      | Escaped the Abyss
   290 | D:1      | Gained mutation: When seriously injured, your bleeding wounds create armour. (AC +6) [demonic ancestry]
   290 | D:1      | Reached XP level 2. HP: 18/24 MP: 3/3
   555 | D:1      | Reached * piety under Lugonu
   813 | D:2      | Found a shattered altar of Ashenzari.
   870 | D:2      | Reached skill level 1 in Dodging
   873 | D:2      | Gained mutation: You are slightly more attuned to the shadows. [demonic ancestry]
   873 | D:2      | Reached XP level 3. HP: 25/29 MP: 4/4
  1540 | D:2      | Reached XP level 4. HP: 37/37 MP: 5/5
  1951 | D:3      | Reached ** piety under Lugonu
  2005 | D:3      | Noticed Natasha
  2020 | D:3      | Killed Natasha
  2058 | D:3      | Found a hazy altar of Hepliaklqana.
  2108 | D:3      | Noticed Natasha
  2111 | D:3      | Killed Natasha
  2111 | D:3      | Gained mutation: You are immune to rotting. [demonic ancestry]
  2111 | D:3      | Reached XP level 5. HP: 31/42 MP: 6/6
  2190 | D:3      | Killed from afar by an orc priest

Skill      XL: |  1  2  3  4 |
---------------+-------------+-----
Armour         | 2 |  2.8
Long Blades    | 2 3 |  3.3
Dodging        | 1 |  1.1
Fighting       | |  3.9
Stealth        | |  0.2
Invocations    | |  2.6

Action                   |  1- 3 |  4- 6 || total
-------------------------+-------+-------++-------
Melee: Falchion          |   110 |    58 ||   168
Invok: Depart the Abyss  |     1 |       ||     1
  Use: Scroll            |       |     9 ||     9
 Stab: Sleeping          |       |     3 ||     3
  Eat: Chunk             |     2 |     2 ||     4
Armor: Leather armour    |    13 |       ||    13
       Chain mail        |    59 |    12 ||    71
       Swamp dragon scal |       |    22 ||    22
Dodge: Dodged            |    48 |    34 ||    82
       Rpst.: Falchion   |    13 |     9 ||    22
